 Dungeon Crawl Stone Soup version 0.32-a0-571-gec57dfcd37 (webtiles) character file.

Game seed: 9596264541959864865

200 BeKind the Shield-Bearer (level 5, -1/37 HPs)
             Began as an Octopode Fighter on Mar 1, 2024.
             Succumbed to an orc wizard's poison
             ... on level 3 of the Dungeon.
             The game lasted 00:02:13 (2954 turns).

BeKind the Shield-Bearer (Octopode Fighter)         Turns: 2954, Time: 00:02:14

Health: -1/37      AC:  1    Str: 18    XL:     5   Next: 78%
Magic:  5/5        EV: 14    Int: 10    God:
Gold:   67         SH:  5    Dex: 17    Spells: 4/4 levels left

rFire   . . .        a - +0 war axe
rCold   . . .        b - +0 buckler
rNeg    . . .        (helmet restricted)
rPois   .            (no amulet)
rElec   .            g - +6 ring of dexterity
rCorr   .            (no ring)
SInv    .            (no ring)
Will    .....        (no ring)
Stlth   +++          (no ring)
HPRegen 0.26/turn    (no ring)
MPRegen 0.09/turn    (no ring)
                     (no ring)

%: no passive effects
@: lethally poisoned (-1 -> -14)
A: almost no armour, amphibious, 8 rings, camouflage 1, gelatinous body 1,
(nimble swimmer 1), tentacles
a: no special abilities


You were on level 3 of the Dungeon.
You visited 1 branch of the dungeon, and saw 3 of its levels.

You collected 67 gold pieces.

Inventory:

Hand Weapons
 a - a +0 war axe (weapon)
Armour
 b - a +0 buckler (worn)
Jewellery
 g - a +6 ring of dexterity (left tentacle)
 k - a ring of protection from fire
Scrolls
 d - a scroll of vulnerability {unknown}
 e - 2 scrolls of identify {unknown}
 f - a scroll of fear {unknown}
 h - 2 scrolls of teleportation {unknown}
 i - a scroll of enchant weapon {unknown}
 j - a scroll of revelation {unknown}
Potions
 c - a potion of might


   Skills:
 + Level 4.0 Fighting
 + Level 3.2 Axes
 + Level 4.0 Dodging
 + Level 4.0 Shields


You had 4 spell levels left.
You didn't know any spells.
Your spell library contained the following spells:

 Spells                   Type           Power      Damage    Failure   Level
 Apportation              Tloc           0%         N/A       43%         1
 Necrotise                Necr           0%         1d4       43%         1
 Sting                    Conj/Alch      0%         1d3       43%         1
 Summon Small Mammal      Summ           0%         N/A       43%         1
 Inner Flame              Hex/Fire       0%         N/A       82%         3
 Flame Wave               Conj/Fire      0%         2d4       99%         4
 Sticky Flame             Fire/Alch      0%         2d4       99%         4


Dungeon Overview and Level Annotations

Branches:
Dungeon (3/15)

Altars:
Ru


Innate Abilities, Weirdness & Mutations

You cannot wear most types of armour.
You are amphibious.
You can wear up to eight rings at the same time.
Your skin changes colour to match your surroundings (Stealth+).
Your rubbery body absorbs attacks. (AC +1, EV +1)
((You are camouflaged when in or above water. (Stealth+)))
You have tentacles for arms and can constrict up to eight enemies at once.


Message History

An orc is nearby!
An orc comes into view. It is wielding a +0 club.
The orc shouts! x2; You hear a shout! x2
An orc wizard comes into view. It is wielding a +2 dagger of venom.
The orc wizard shouts!
An orc comes into view. It is wielding a +0 dagger.
The orc shouts!
You hear a shout!
You slash the orc!
You kill the orc!
The orc barely misses you.
Things that are here:
a +0 mace; a +0 ring mail You slash the orc!
You kill the orc!
The orc wizard gestures wildly while chanting.
The orc wizard flickers and vanishes!
Deactivating autopickup; reactivate with Ctrl-A.
Your Dodging skill increases to level 4!
Your Shields skill increases to level 4!
You hit something. Something hits you!
You are poisoned.
You miss something.
You feel very sick. You block something's attack. Something hits you.
You are more poisoned.
You hit something.
You feel very sick. Something hits you.
You are more poisoned.
You hit something. You squeeze something.
Reactivating autopickup.
You feel a bit more experienced.
* * * LOW HITPOINT WARNING * * *
You feel extremely sick.
Your Fighting skill increases to level 4!
You slash the orc!
You kill the orc!
* * * LOW HITPOINT WARNING * * *
You feel very sick.
You die...

.########..........###
#...................
#.#...#..........##.
#.#.#.............
#.#.#.............
#.#.#...........#.
#.#.#...........##
#)#.#...........#
#@#.#...........##
#.#.#...........#< #.#
#...........## #..
........#.#.#
#.#.#######.#.#.#
..#...........#.#
............###.##
..########..# #...
#..# ####


There were no monsters in sight!

Vanquished Creatures
  2 hounds (D:3)
  An orc wizard (D:3)
  Robin (D:2)
  4 gnolls
  An adder (D:1)
  A dart slug (D:2)
  2 ribbon worms (D:2)
  3 orcs (D:3)
  3 bats
  3 endoplasms
  2 giant cockroaches
  7 goblins
  7 hobgoblins
  2 kobolds
  2 quokkas (D:2)
  4 ball pythons
  3 frilled lizards
  4 rats
52 creatures vanquished.

Notes
Turn   | Place    | Note
-------+----------+-------------------------------------------
     0 | D:1      | BeKind the Octopode Fighter began the quest for the Orb.
     0 | D:1      | Reached XP level 1. HP: 16/16 MP: 1/1
   344 | D:1      | Reached XP level 2. HP: 21/21 MP: 2/2
   538 | D:2      | Noticed Robin
   546 | D:2      | HP: 1/21 [ribbon worm (8)]
   835 | D:2      | Reached XP level 3. HP: 11/26 MP: 3/3
  1225 | D:2      | Killed Robin
  1426 | D:2      | Found a sacrificial altar of Ru.
  1440 | D:2      | Reached XP level 4. HP: 31/31 MP: 4/4
  1866 | D:3      | Reached XP level 5. HP: 7/37 MP: 5/5
  1866 | D:3      | HP: 1/37 [gnoll/+0 spear (6)]
  2953 | D:3      | HP: 1/37 [poisoned by an orc wizard]
  2954 | D:3      | Succumbed to an orc wizard's poison

Illustrated notes

Levels and vault maps discovered:
D:1:      dpeg_arrival_radiant, layout_basic
D:2:      layout_rooms, serial_rivers, chequers_serial_rivers_micro_b,
          chequers_serial_rivers_small_b, chequers_serial_rivers_small_3,
          chequers_serial_rivers_room_b, basic_altar, uniq_robin
D:3:      layout_basic, cheibrodos_gnoll_hut, uniq_natasha

Skill      XL: |  1  2  3  4  5 |
---------------+----------------+-----
Axes           | 3 |  3.2
Dodging        | 4 |  4.0
Shields        | 4 |  4.0
Fighting       | 4 |  4.0

Action                     |  1- 3 |  4- 6 || total
---------------------------+-------+-------++-------
  Melee: War axe           |    41 |    33 ||    74
         Constrict         |    14 |     9 ||    23
         Tentacles         |     8 |     7 ||    15
   Stab: Sleeping          |     5 |     6 ||    11
 Armour: Skin              |    28 |    15 ||    43
  Dodge: Dodged            |    35 |    13 ||    48
  Block: Buckler           |    12 |    13 ||    25

Table legend: (Time is in decaauts)
 A = Elapsed time spent in this place.
 B = Non-inter-level travel time spent in this place.
 C = Inter-level travel time spent in this place.
 D = Time resting spent in this place.
 E = Time spent auto-exploring this place.
 F = Levels seen in this place.
 G = Mean time per level.
                   A        B        C        D        E       F      G
               +--------+--------+--------+--------+--------+-----+--------+
         Total |   2987 |   2939 |     48 |   1378 |   1253 |   3 |  995.7 |
       Dungeon |   2987 |   2939 |     48 |   1378 |   1253 |   3 |  995.7 |
               +--------+--------+--------+--------+--------+-----+--------+

Top non-repeatable levels by time:
     D:1: 1202 daAuts
     D:3: 907 daAuts
     D:2: 877 daAuts
